 Dungeon Crawl Stone Soup version 0.29.1-12-g30fa7ad0bf (webtiles) character file.

Game seed: 12168765048192261067

1236 safid the Skirmisher (level 8, 0/74 HPs)
             Began as a Minotaur Hunter on Dec 20, 2022.
             Slain by Edmund
             ... wielding a +1 dire flail of protection
              (12 damage)
             ... on level 4 of the Dungeon.
             The game lasted 00:11:15 (5271 turns).

safid the Skirmisher (Minotaur Hunter)              Turns: 5271, Time: 00:11:15

Health: 0/74       AC:  6    Str: 16    XL:     8   Next: 24%
Magic:  0/7        EV: 10    Int:  6    God:
Gold:   211        SH:  0    Dex: 20    Spells: 7/7 levels left

rFire   . . .      SeeInvis .   a - +0 shortbow
rCold   . . .      Faith    .   (shield currently unavailable)
rNeg    . . .      Spirit   +   e - +0 scale mail
rPois   .          Reflect  .   (helmet unavailable)
rElec   .          Harm     .   (no cloak)
rCorr   .          Rampage  .   (no gloves)
Will    .....                   (no boots)
Stlth   +.........              m - amulet of guardian spirit
HPRegen 0.22/turn               j - +6 ring of dexterity
MPRegen 0.10/turn               (no ring)

@: unable to read
A: horns 3, retaliatory headbutt, clumsy 1, inability to read after injury 1
a: no special abilities


You were on level 4 of the Dungeon.
You visited 2 branches of the dungeon, and saw 8 of its levels.

You collected 211 gold pieces.

Inventory:

Hand Weapons
 a - a +0 shortbow (weapon)
Armour
 c - the +8 chain mail "Cutecvos" {rPois rF- rC+++ Dex-4}
   (You found it on level 5 of the Dungeon)

   Dex:       It affects your dexterity (-4).
   rF:        It makes you vulnerable to fire.
   rC:        It renders you almost immune to cold.
   rPois:     It protects you from poison.
 e - a +0 scale mail (worn)
Jewellery
 j - a +6 ring of dexterity (left hand)
 m - an amulet of guardian spirit (around neck)
Scrolls
 b - 2 scrolls of identify
 d - a scroll of torment {unknown}
 f - a scroll of blinking {unknown}
 g - a scroll of brand weapon {unknown}
 i - 3 scrolls of teleportation
 l - a scroll of enchant weapon {unknown}
 p - a scroll of butterflies {unknown}
 s - a scroll of fear {unknown}
 u - a scroll of summoning {unknown}


   Skills:
 - Level 8.0 Fighting
 + Level 9.5 Ranged Weapons
 - Level 2.1 Dodging
 - Level 0.7 Stealth


You had 7 spell levels left.
You didn't know any spells.
Your spell library contained the following spells:

 Spells                   Type           Power      Damage    Failure   Level
 Sublimation of Blood     Necr           0%         N/A       96%         2
 Wereblood                Tmut           0%         N/A       96%         2
 Conjure Flame            Conj/Fire      0%         6-21      99%         3
 Ignite Poison            Fire/Tmut/Pois 0%         N/A       99%         3
 Sticky Flame             Conj/Fire      0%         2d3       100%        4
 Summon Hydra             Summ           0%         N/A       100%        7


Dungeon Overview and Level Annotations

Branches:
Dungeon (7/15)             Temple (1/1) D:4

Altars:
Ashenzari
Cheibriados
Dithmenos
Elyvilon
Fedhas
Gozag
Hepliaklqana
Kikubaaqudgha
Qazlal
Ru
Sif Muna
Trog
Uskayaw
Xom
Yredelemnul
Zin
The Shining One

Shops:
D:1 *   D:2 [   D:6 [

Annotations:
D:4 Edmund
D:5 3 runed translucent doors, fantasyman's ghost, novice FoFi; kingsuperguy's ghost, novice MiBe


Innate Abilities, Weirdness & Mutations

You have a pair of large horns on your head.
You reflexively headbutt those who attack you in melee.
You are clumsy. (Dex -2)
You occasionally lose the ability to read scrolls when taking damage.


Message History

You shoot an arrow. The arrow hits Edmund.
Edmund is heavily wounded.
You can read scrolls again.
Edmund hits you with a +1 dire flail of protection!
* * * LOW HITPOINT WARNING * * *
Unknown command.
Fire: a) +0 shortbow
Press: ? - help, Q - select action Shift-Dir - straight line, f/p - Edmund
Aim: Edmund, wielding a +1 dire flail of protection, wearing a +0 ring mail and carrying a wand of quicksilver (9) (heavily wounded, 73% to hit)
You shoot an arrow. The arrow hits Edmund.
Edmund is heavily wounded.
Edmund closely misses you.
Unknown command.
Fire: a) +0 shortbow
Press: ? - help, Q - select action Shift-Dir - straight line, f/p - Edmund
Aim: Edmund, wielding a +1 dire flail of protection, wearing a +0 ring mail and carrying a wand of quicksilver (9) (heavily wounded, 73% to hit)
You shoot an arrow. The arrow hits Edmund!
Edmund is severely wounded.
Edmund closely misses you.
Edmund zaps a wand.
The bolt of dispelling energy hits you!
* * * LOW HITPOINT WARNING * * *
Fire: a) +0 shortbow
Press: ? - help, Q - select action Shift-Dir - straight line, f/p - Edmund
Aim: Edmund, wielding a +1 dire flail of protection, wearing a +0 ring mail and carrying a wand of quicksilver (8) (severely wounded, 73% to hit)
You shoot an arrow. The arrow barely misses Edmund.
Edmund barely misses you. You furiously retaliate!
You headbutt Edmund, but do no damage.
Fire: a) +0 shortbow
Press: ? - help, Q - select action Shift-Dir - straight line, f/p - Edmund
Aim: Edmund, wielding a +1 dire flail of protection, wearing a +0 ring mail and carrying a wand of quicksilver (8) (severely wounded, 73% to hit)
You shoot an arrow. The arrow barely misses Edmund.
Edmund barely misses you.
Fire: a) +0 shortbow
Press: ? - help, Q - select action Shift-Dir - straight line, f/p - Edmund
Aim: Edmund, wielding a +1 dire flail of protection, wearing a +0 ring mail and carrying a wand of quicksilver (8) (severely wounded, 73% to hit)
You shoot an arrow. The arrow closely misses Edmund.
Edmund clears his throat.
Edmund hits you with a +1 dire flail of protection!
You feel threatened and lose the ability to read scrolls!
You die...

.#...#...##
...#...#..# .#
.#...#....# .#
...#...#..# .#
.#...#....# .#
...#...#..# .#
.#.[.#....#######.#
...#..##.......#..#
.#..#####......#@.#
..### ##.......@#
### #.......#.# #
##.......##..
##........# #..
##.....##### #.#
##.....## .#
##....### .
##....##


You could see Edmund.

Vanquished Creatures
  A black bear (D:6)
  An ogre (D:4)
  3 centaurs (D:5)
  A bullfrog (D:7)
  A necrophage (D:6)
  4 scorpions
  A killer bee (D:7)
  A hound (D:4)
  An orc priest (D:5)
  Jessica (D:3)
  6 orc wizards
  4 gnolls (D:3)
  An adder (D:3)
  A shadow imp (D:3)
  An ufetubus (D:5)
  A worm (D:2)
  3 dart slugs
  20 orcs
  8 ball pythons
  7 bats
  11 endoplasms
  3 giant cockroaches
  5 goblins
  8 hobgoblins
  6 jackals
  8 kobolds
  3 quokkas
  2 frilled lizards (D:2)
  6 rats
  A spectral kobold (D:3)
120 creatures vanquished.

Vanquished Creatures (others)
  4 plants (D:3)
  6 withered plants (D:5)
10 creatures vanquished.

Grand Total: 130 creatures vanquished

Notes
Turn   | Place    | Note
-------+----------+-------------------------------------------
     0 | D:1      | safid the Minotaur Hunter began the quest for the Orb.
     0 | D:1      | Reached XP level 1. HP: 18/18 MP: 0/0
   107 | D:1      | Reached XP level 2. HP: 25/25 MP: 1/1
   440 | D:1      | Found Huqun's Assorted Antiques.
   508 | D:1      | Reached skill level 5 in Ranged Weapons
   508 | D:1      | Reached XP level 3. HP: 31/31 MP: 2/2
   878 | D:2      | Found Lih Kour's Antique Armour Shop.
  1551 | D:3      | Reached XP level 4. HP: 40/40 MP: 3/3
  1568 | D:3      | Noticed Jessica
  1570 | D:3      | Killed Jessica
  1705 | D:3      | Reached XP level 5. HP: 47/47 MP: 4/4
  1925 | D:3      | Reached skill level 5 in Fighting
  1925 | D:3      | Reached skill level 6 in Ranged Weapons
  2026 | D:3      | Found a hide-covered altar of Uskayaw.
  2055 | D:3      | Found a shimmering blue altar of Sif Muna.
  2141 | D:3      | Found a faded altar of an unknown god.
  3121 | D:4      | Noticed an ogre
  3127 | D:4      | Killed an ogre
  3128 | D:4      | Reached XP level 6. HP: 57/57 MP: 5/5
  3333 | D:4      | You fall into a shaft and drop 3 floors!
  3333 | D:7      | Found a shadowy altar of Dithmenos.
  3357 | D:7      | Reached skill level 7 in Ranged Weapons
  3486 | D:7      | Gained mutation: You have a pair of large horns on your
                  | head. [potion of mutation]
  3486 | D:7      | Gained mutation: You are clumsy. (Dex -2) [potion of
                  | mutation]
  3486 | D:7      | Gained mutation: You occasionally lose the ability to read
                  | scrolls when taking damage. [potion of mutation]
  3718 | D:6      | Reached XP level 7. HP: 51/64 MP: 4/6
  3803 | D:6      | Found a snail-covered altar of Cheibriados.
  4102 | D:6      | Found Oqayrphapy's Armour Shop.
  4136 | D:5      | Entered Level 5 of the Dungeon
  4144 | D:5      | Found a runed translucent gate.
  4144 | D:5      | Found a runed translucent gate.
  4144 | D:5      | Found a runed translucent gate.
  4146 | D:5      | Noticed kingsuperguy's ghost (novice MiBe)
  4146 | D:5      | Noticed fantasyman's ghost (novice FoFi)
  4216 | D:5      | Reached skill level 8 in Ranged Weapons
  4294 | D:5      | Reached XP level 8. HP: 34/74 MP: 4/7
  4563 | D:5      | Reached skill level 9 in Ranged Weapons
  4588 | D:5      | Identified the +8 chain mail "Cutecvos" {rPois rF- rC+++
                  | Dex-4}
  4618 | D:4      | HP: 3/74 [poisoned by a scorpion]
  4928 | D:4      | Found a staircase to the Ecumenical Temple.
  4938 | Temple   | Entered the Ecumenical Temple
  5124 | D:4      | Found a hazy altar of Hepliaklqana.
  5251 | D:4      | Noticed Edmund
  5271 | D:4      | Slain by Edmund

Illustrated notes

Levels and vault maps discovered:
D:1:      shiori_shiawase, layout_rooms, serial_shops, nicolae_shop_stone
D:2:      layout_basic, serial_shops, shop
D:3:      layout_loops_ring, lemuel_tele_altar, mainiacjoe_overflow_brackets,
          dreamdust_ecumenical_altar_drowned_temple, serial_forest,
          infiniplex_forest_lined_3_way, infiniplex_forest_clump_diagonal,
          infiniplex_forest_clump_long, infiniplex_forest_end_1, uniq_jessica
D:4:      layout_cave_pods, lemuel_doored_altar,
          minmay_temple_entry_statues_fountains, nicolae_specific_store,
          hex_large, uniq_edmund
D:5:      layout_basic, gammafunk_ghost_cemetery, kennysheep_generic_room_12
D:6:      layout_cave_pods, mainiacjoe_overflow_small_starburst, serial_shops,
          nicolae_shop_advertising_works [nicolae_subvault_shop_adworks],
          serial_bayou_crossing
D:7:      layout_layer_cave, overflow_temple_1_default, hangedman_decor_growths,
          kennysheep_flooded_box
Temple:   nicolae_temple_ecumenical_triangle

Skill      XL: |  1  2  3  4  5  6  7  8 |
---------------+-------------------------+-----
Fighting       | 3 4 5 6 8 |  8.0
Ranged Weapons | 5 6 7 8 9 |  9.5
Dodging        | |  2.1
Stealth        | |  0.7

Action                   |  1- 3 |  4- 6 |  7- 9 || total
-------------------------+-------+-------+-------++-------
 Fire: Shortbow          |   122 |   161 |   123 ||   406
  Use: Potion            |       |     5 |     3 ||     8
       Scroll            |       |     2 |     1 ||     3
Armor: Leather armour    |    12 |    20 |     4 ||    36
       Scale mail        |       |       |    51 ||    51
       Skin              |       |       |    15 ||    15
Dodge: Dodged            |    26 |    55 |    86 ||   167
